AoeStats
← tonyborder

Socotra

504977330Analyzed
4v4 RM · 26d ago on Sep 7, 2026· 27m 21s· 8 players
Game mode
Random Map
Map size
148×148
Population
200
Speed
Normal
Resources
Standard
Victory
Conquest
Starting age
Dark Age
Ending age
Imperial Age
RankedLock teamsTeams togetherTeam positionsShared explorationLock speedFull tech treeHidden civsTurbo modeCheats
Victory
Defeat
🇪🇸 Persians · Spain
1037
+15
🇨🇳 Teutons · China
1013
+16
🇨🇳 Goths · China
995
+18
🇦🇷 Tupi · Argentina
982
+17
🇳🇱 Ethiopians · Netherlands
1033
-17
🇺🇸 Koreans · United States
1018
-17
🇦🇷 Bulgarians · Argentina
1012
-16
🇹🇷 Sicilians · Türkiye
1005
-16
_188_Lara88_Arg_
2:58 Loom
10:51 Feudal Age
11:57 Double-Bit Axe
12:30 Forging
12:14 Arson
21:15 Castle Age
21:04 Bloodlines
22:54 Scale Barding Armor
Jaeger
12:44 Feudal Age
14:38 Wheelbarrow
13:55 Stone Mining
14:04 Loom
15:04 Wheelbarrow
14:42 Double-Bit Axe
14:40 Horse Collar
prsdntsdghtr
0:26 Loom
18:42 Feudal Age
Feed Me
5:28 Loom
11:07 Feudal Age
21:15 Double-Bit Axe
Slingmachine
5:17 Loom
tonyborder
0:30 Loom
12:10 Feudal Age
22:39 Castle Age
GucciStone666
0:30 Loom
13:06 Feudal Age
13:08 Man-at-Arms
24:49 Castle Age
23:23 Forging
23:14 Scale Mail Armor
伐伐伐伐伐木工
12:27 Feudal Age
17:06 Castle Age
15:31 Horse Collar
16:54 Loom
24:45 Scale Barding Armor
24:42 Scale Mail Armor
24:54 Forging
26:55 Bloodlines
Connection lost

Rejoining the realm…

Still unreachable

The connection could not be restored.

Session expired

The server has moved on; the page needs a fresh start.